 Dungeon Crawl Stone Soup version 0.26-a0-519-gb2f46ef (webtiles) character file.

Game seed: 3419409675218133789

33 Bacontarian the Ogre Mage (level 3, -2/31 HPs)
             Began as an Ogre Hedge Wizard on Aug 10, 2020.
             Slain by a worm (10 damage)
             ... on level 2 of the Dungeon.
             The game lasted 00:10:35 (1610 turns).

Bacontarian the Ogre Mage (Ogre Hedge Wizard)       Turns: 1610, Time: 00:10:36

Health: -2/31      AC:  3    Str: 14    XL:     3   Next: 29%
Magic:  3/8        EV: 10    Int: 16    God:
Gold:   61         SH:  0    Dex:  8    Spells: 9/10 levels left

rFire    + . .     SeeInvis .   a - +0 dagger
rCold    x . .     Faith    .   (no shield)
rNeg     . . .     Spirit   .   b - +0 robe
rPois    .         Reflect  .   c - +0 hat
rElec    .         Harm     .   (no cloak)
rCorr    .                      (gloves unavailable)
MR       .....                  (boots unavailable)
Stlth    +.........             (no amulet)
HPRegen  0.10/turn              i - ring of fire
MPRegen  0.11/turn              (no ring)

@: no status effects
A: large, unfitting armour, tough skin 1
a: no special abilities


You were on level 2 of the Dungeon.
You visited 1 branch of the dungeon, and saw 2 of its levels.

You collected 61 gold pieces.

Inventory:

Hand Weapons
 a - a +0 dagger (weapon)
Missiles
 k - 13 poisoned darts (quivered)
Armour
 b - a +0 robe (worn)
 c - a +0 hat (worn)
Jewellery
 g - an uncursed ring of fire
 i - a ring of fire (left hand)
Wands
 m - a wand of acid (4)
Scrolls
 e - a scroll of amnesia
 f - a scroll of identify
Potions
 d - a potion of mutation {unknown}
 h - 3 potions of might
 j - a potion of curing {unknown}
 n - a potion of heal wounds {unknown}


   Skills:
 + Level 2.3 Dodging
 - Level 1.4 Stealth
 + Level 4.1 Spellcasting
 + Level 1.7 Conjurations
   Level 0.8 Summonings
   Level 0.8 Translocations


You had 9 spell levels left.
You knew the following spells:

 Your Spells              Type           Power        Failure   Level
a - Magic Dart            Conj           #...         9%          1

Your spell library contained the following spells:

 Spells                   Type           Power        Failure   Level
 Blink                    Tloc           N/A          19%         2
 Call Imp                 Summ           #.......     19%         2
 Slow                     Hex            #.......     26%         2
 Conjure Flame            Conj/Fire      #.......     34%         3
 Mephitic Cloud           Conj/Pois/Air  #.......     36%         3


Dungeon Overview and Level Annotations

Branches:
Dungeon (2/15)

Altars:
Xom


Innate Abilities, Weirdness & Mutations

You are too large for most types of armour.
You have tough skin. (AC +1)


Message History

You barely miss the worm.
The worm is heavily wounded.
You hit the worm.
The worm is severely wounded.
The worm bites you!
You hit the worm.
The worm is severely wounded.
The worm bites you.
You hit the worm but do no damage.
The worm is severely wounded.
You hit the worm.
The worm is almost dead.
The worm bites you!
* * * LOW HITPOINT WARNING * * *
You hit the worm but do no damage.
The worm is severely wounded.
You hit the worm.
The worm is almost dead.
The worm bites you!
You die...

##########
.........########
.........#<.....#
....._...#......#
.......w@#......#
........†.......#
.#######........#
#........#
#......###
#......# #......#
#..)...#
#####'#####


You could see a worm.

Vanquished Creatures
  A dart slug (D:2)
  An orc (D:2)
  2 ball pythons (D:1)
  6 bats
  3 giant cockroaches (D:1)
  4 goblins
  6 hobgoblins
  2 frilled lizards (D:1)
  A kobold (D:1)
  2 rats
28 creatures vanquished.

Notes
Turn   | Place    | Note
-------+----------+-------------------------------------------
     0 | D:1      | Bacontarian the Ogre Hedge Wizard began the quest for the
                  | Orb.
     0 | D:1      | Reached XP level 1. HP: 16/16 MP: 5/5
    82 | D:1      | Reached skill level 1 in Conjurations
   324 | D:1      | Reached XP level 2. HP: 24/24 MP: 1/6
   948 | D:1      | Reached skill level 4 in Spellcasting
  1358 | D:2      | Reached XP level 3. HP: 21/31 MP: 3/8
  1584 | D:2      | Found a shimmering altar of Xom.
  1610 | D:2      | Slain by a worm

Illustrated notes

Levels and vault maps discovered:
D:1:      minmay_arrival_shattered_statue, layout_loops_ring, dk_noncrumbling_2,
          chequers_serial_rivers_micro_e, minmay_stone_trees_medium
D:2:      layout_basic, grunt_dithmenos_smoke_and_mirrors,
          nicolae_ashenzari_panopticon, overflow_temple_1_default,
          chequers_ecumenical_altar_grove

Skill      XL: |  1  2 |
---------------+-------+-----
Conjurations   | 1 |  1.7
Dodging        | 2 |  2.3
Spellcasting   | 4 |  4.1
Stealth        | |  1.4
Summonings     | |  0.8
Translocations | |  0.8

Action                   || total
-------------------------++-------
Melee: Dagger            ||    81
 Cast: Magic Dart        ||    46
  Use: Scroll            ||     5
 Stab: Sleeping          ||     2
Armor: Robe              ||    31
Dodge: Dodged            ||    40

Table legend: (Time is in decaauts)
 A = Elapsed time spent in this place.
 B = Non-inter-level travel time spent in this place.
 C = Inter-level travel time spent in this place.
 D = Time resting spent in this place.
 E = Time spent auto-exploring this place.
 F = Levels seen in this place.
 G = Mean time per level.
                   A        B        C        D        E       F      G
               +--------+--------+--------+--------+--------+-----+--------+
         Total |   1608 |   1377 |    231 |    590 |    482 |   2 |  804.0 |
       Dungeon |   1608 |   1377 |    231 |    590 |    482 |   2 |  804.0 |
               +--------+--------+--------+--------+--------+-----+--------+

Top non-repeatable levels by time:
     D:1: 1347 daAuts
     D:2: 261 daAuts
